 Dungeon Crawl Stone Soup version 0.27-a0-1347-gd8886f0a89 (webtiles) character file.

Game seed: 10375263515650157998

3994 dickylongcocking the Fighter (level 10, -1/80 HPs)
             Began as a Djinni Fire Elementalist on June 28, 2021.
             Was an Initiate of Makhleb.
             Shot with an arrow by a centaur (5 damage)
             ... on level 9 of the Dungeon.
             The game lasted 00:10:19 (11266 turns).

dickylongcocking the Fighter (DjFE)                Turns: 11266, Time: 00:10:20

Health: -1/80      AC:  7    Str:  7    XL:     10   Next: 46%
Gold:   345        EV: 12    Int: 19    God:    Makhleb [......] SH:  0 Dex: 15

rFire    + + +     SeeInvis .   O - +3 long sword (flame)
rCold    x x .     Faith    .   (no shield)
rNeg     . . .     Spirit   .   J - +1 robe {rC+}
rPois    ∞         Reflect  .   z - +0 helmet
rElec    .         Harm     .   (no cloak)
rCorr    .         Rampage  .   t - +2 pair of gloves
Will     +....                  (boots unavailable)
Stlth    ++........             y - amulet of the acrobat
HPRegen  0.23/turn              p - ring of fire
MPRegen  0.00/turn              A - ring of fire

@: flying, hasted, very quick
A: sickness immunity, fire resistance 2, cold vulnerability 1, float, innate
caster, hp casting, extra vitality 1
a: Renounce Religion


You were on level 9 of the Dungeon.
You worshipped Makhleb.
Makhleb was noncommittal.
You visited 2 branches of the dungeon, and saw 10 of its levels.

You collected 347 gold pieces.
You spent 2 gold pieces at shops.

Inventory:

Hand Weapons
 b - a +0 whip of electrocution
 m - a +2 dagger of protection
 r - a +2 dagger of venom
 O - a +3 long sword of flaming (weapon)
 Q - the +3 quarterstaff "Tomp" {vorpal, +Rage rPois Str-2}
   (You found it on level 8 of the Dungeon)

   It inflicts extra damage upon your enemies.
   Str:       It affects your strength (-2).
   rPois:     It protects you from poison.
   +Rage:     It lets you go berserk.
Missiles
 M - 2 throwing nets
Armour
 a - a +0 robe
 n - a +0 leather armour
 t - a +2 pair of gloves (worn)
 z - a +0 helmet (worn)
 B - a +0 troll leather armour
 J - a +1 robe of cold resistance (worn)
 N - a +2 pair of gloves
Magical Staves
 L - a staff of earth
 P - a staff of air
 S - a staff of poison
Jewellery
 p - a ring of fire (left hand)
 y - an amulet of the acrobat (around neck)
 A - a ring of fire (right hand)
 E - a ring of see invisible
 G - an amulet of magic regeneration
Wands
 q - a wand of flame (10)
 s - a wand of iceblast (10)
 u - a wand of digging (1)
 R - a wand of mindburst (11)
Scrolls
 d - 5 scrolls of teleportation {unknown}
 e - 4 scrolls of vulnerability {unknown}
 f - 5 scrolls of noise {unknown}
 i - a scroll of enchant armour {unknown}
 j - a scroll of amnesia {unknown}
 k - a scroll of brand weapon {unknown}
 l - 2 scrolls of identify {unknown}
 o - a scroll of blinking {unknown}
 v - 3 scrolls of magic mapping {unknown}
 w - 2 scrolls of enchant weapon {unknown}
 I - a scroll of fear {unknown}
Potions
 c - 3 potions of haste
 g - a potion of berserk rage {unknown}
 h - 3 potions of resistance
 x - a potion of brilliance {unknown}
 C - a potion of lignification
 D - a potion of ambrosia {unknown}
 F - 2 potions of curing {unknown}
 H - a potion of invisibility {unknown}
 K - a potion of magic {unknown}


   Skills:
 * Level 10.0 Fighting
 - Level 2.3 Dodging
 - Level 1.7 Stealth
 * Level 8.4 Spellcasting


You couldn't memorise any spells.
You knew the following spells:

 Your Spells              Type           Power      Damage    Failure   Level
a - Foxfire               Conj/Fire      100%       2x1d9     1%          1
b - Conjure Flame         Conj/Fire      74%        6-21      1%          3
c - Inner Flame           Hex/Fire       74%        N/A       1%          3
d - Sticky Flame          Conj/Fire      74%        2d9       2%          4
e - Fireball              Conj/Fire      37%        3d15      8%          5
f - Summon Small Mammal   Summ           100%       N/A       1%          1
g - Blink                 Tloc           N/A        N/A       1%          2
h - Swiftness             Air            40%        N/A       1%          3
i - Passage of Golubria   Tloc           N/A        N/A       2%          4
Your spell library was empty.

Dungeon Overview and Level Annotations

Branches:
Dungeon (9/15)             Temple (1/1) D:6
   Lair: D:8-11         Orc: D:9-12

Altars:
Ashenzari
Cheibriados
Dithmenos
Elyvilon
Fedhas
Gozag
Hepliaklqana
Kikubaaqudgha
Makhleb
Nemelex Xobeh
Okawaru
Qazlal
Sif Muna
Trog
Uskayaw
Vehumet
Wu Jian
Xom
Zin
The Shining One

Shops:
D:2 *   D:5 *


Innate Abilities, Weirdness & Mutations

You are immune to sickness and miasma.
You are immune to poison.
Your flesh is very heat resistant. (rF++)
You are vulnerable to cold. (rC-)
You float through the air rather than walking.
You learn spells naturally, not from books.
Your magical power is your life essence.
You have superior vitality. (+4 HP)


Message History

The orc warrior misses you.
Unknown command.
Casting: Blink (safe; 1% risk of failure)
Confirm with . or Enter, or press ? or * to list all spells.
You blink.
The two-headed ogre hits you with a +0 giant club!! x2
* * * LOW HITPOINT WARNING * * *
Unknown command.
Unknown command.
Unknown command.
Unknown command.
The centaur wields a +0 shortbow.
The centaur shoots an arrow.
The arrow completely misses you.
The centaur shoots an arrow.
The arrow misses you.
Unknown command.
Okay, then.
Okay, then.
Casting: Blink (safe; 1% risk of failure)
Confirm with . or Enter, or press ? or * to list all spells.
You blink.
An orc priest comes into view. It is wielding a +0 morningstar.
The orc priest shouts!
* * * LOW HITPOINT WARNING * * *
A centaur comes into view.
You hear a shout!
The centaur wields a +0 shortbow.
The centaur shoots an arrow.
The arrow closely misses you.
The centaur shoots an arrow.
The arrow hits you.
* * * LOW HITPOINT WARNING * * *
The centaur shoots an arrow.
The arrow hits you but does no damage.
You hear a shout!
Found a leather armour.
Unknown command.
Unknown command.
Unknown command.
Okay, then.
Okay, then.
Okay, then.
It was a potion of haste.
You feel yourself speed up.
The centaur shoots an arrow.
The arrow hits you.
You die...

..... #o#{#
..[........#.#D#
.......(...)<#.#
...........#.#o#
.............#.#
.......c...###o#
c...........O..#
...........##..#
.......@...##..#
...........##.^#
...........##..#
...........##..#
...........##..#
...........##..#
....o....###
.##...##..


You could see a two-headed ogre, an orc warrior, 2 centaurs and an orc priest.

Vanquished Creatures
  Harold (D:8)
  A troll (D:7)
  Prince Ribbit (D:8)
  A shadow (D:7)
  3 steam dragons (D:7)
  Menkaure (D:5)
  3 ice beasts
  A sky beast (D:7)
  3 ogres (D:5)
  A black bear (D:4)
  A necrophage (D:7)
  A centaur (D:8)
  A phantom (D:7)
  2 bullfrogs
  4 scorpions
  3 wights (D:8)
  A howler monkey (D:4)
  2 centaur zombies (D:8)
  2 hounds
  An orc priest (D:5)
  2 bullfrog skeletons (D:6)
  A centaur skeleton (D:7)
  A jelly (D:7)
  2 iguanas
  A gnoll shaman (D:4)
  3 orc wizards
  A killer bee zombie (D:8)
  A hound skeleton (D:5)
  12 gnolls
  2 howler monkey skeletons (D:5)
  3 howler monkey zombies
  3 adders
  A shadow imp (D:6)
  2 white imps
  An adder skeleton (D:4)
  A worm (D:3)
  5 dart slugs
  23 orcs
  8 endoplasms
  4 giant cockroaches
  6 hobgoblins
  7 jackals
  3 quokkas
  5 ball pythons
  4 bats
  5 frilled lizards
  9 goblins
  10 kobolds
  7 rats
167 creatures vanquished.

Vanquished Creatures (collateral kills)
  2 foxfires (D:1)
2 creatures vanquished.

Vanquished Creatures (others)
  558 foxfires
558 creatures vanquished.

Grand Total: 727 creatures vanquished

Notes
Turn   | Place    | Note
-------+----------+-------------------------------------------
     0 | D:1      | dickylongcocking the Djinni Fire Elementalist began the
                  | quest for the Orb.
     0 | D:1      | Reached XP level 1. HP: 15/15 MP: 0/0
   291 | D:1      | Reached XP level 2. HP: 14/21 MP: 0/0
   543 | D:1      | Found a faded altar of an unknown god.
   984 | D:1      | Reached XP level 3. HP: 20/25 MP: 0/0
   984 | D:1      | Learned a level 1 spell: Summon Small Mammal
  2373 | D:2      | Reached skill level 1 in Fighting
  2631 | D:2      | Reached XP level 4. HP: 22/32 MP: 0/0
  3565 | D:2      | Found Geta Mas's General Store.
  4251 | D:3      | Reached skill level 2 in Fighting
  4486 | D:3      | Reached XP level 5. HP: 33/38 MP: 0/0
  4486 | D:3      | Learned a level 2 spell: Blink
  5226 | D:4      | Found an opulent altar of Gozag.
  5315 | D:4      | Found a white marble altar of Elyvilon.
  5335 | D:4      | Found a glowing silver altar of Zin.
  5522 | D:4      | Noticed a black bear
  5530 | D:4      | Killed a black bear
  5531 | D:4      | Reached skill level 3 in Fighting
  5531 | D:4      | Reached XP level 6. HP: 16/46 MP: 0/0
  5804 | D:4      | Reached skill level 4 in Fighting
  5804 | D:4      | Reached XP level 7. HP: 15/52 MP: 0/0
  5804 | D:4      | Learned a level 3 spell: Swiftness
  6530 | D:5      | Entered Level 5 of the Dungeon
  6628 | D:5      | Noticed Menkaure
  6631 | D:5      | Killed Menkaure
  6632 | D:5      | Reached skill level 5 in Fighting
  6632 | D:5      | Reached skill level 5 in Spellcasting
  6683 | D:5      | Reached XP level 8. HP: 49/59 MP: 0/0
  6834 | D:5      | Reached skill level 6 in Fighting
  6978 | D:5      | Found Zackurit's CLEARANCE SALE! EVERYTHING MUST GO!.
  6984 | D:5      | Bought a potion of heal wounds for 1 gold piece
  6984 | D:5      | Bought a potion of lignification for 1 gold piece
  8088 | D:6      | Found a blossoming altar of Fedhas.
  8136 | D:6      | Reached skill level 7 in Fighting
  8136 | D:6      | Reached XP level 9. HP: 66/68 MP: 0/0
  8136 | D:6      | Learned a level 4 spell: Passage of Golubria
  8340 | D:6      | Found a staircase to the Ecumenical Temple.
  8354 | Temple   | Entered the Ecumenical Temple
  8434 | Temple   | Became a worshipper of Makhleb the Destroyer
  8591 | D:6      | Found a stormy altar of Qazlal.
  8950 | D:7      | Reached skill level 8 in Fighting
  8982 | D:7      | Noticed a troll
  8990 | D:7      | Killed a troll
  9485 | D:7      | Reached XP level 10. HP: 76/77 MP: 0/0
  9626 | D:8      | Noticed Harold
  9660 | D:8      | Killed Harold
  9661 | D:8      | Reached skill level 9 in Fighting
  9681 | D:8      | Reached * piety under Makhleb
 10647 | D:8      | Identified the +3 quarterstaff "Tomp" {vorpal, +Rage rPois
                  | Str-2}
 10670 | D:8      | Found a broken altar of Ashenzari.
 11044 | D:8      | Noticed Prince Ribbit
 11056 | D:8      | Killed Prince Ribbit
 11057 | D:8      | Reached skill level 10 in Fighting
 11253 | D:9      | Noticed a two-headed ogre
 11265 | D:9      | HP: 4/80 [centaur/arrow (3)]
 11266 | D:9      | Shot with an arrow by a centaur

Illustrated notes

Levels and vault maps discovered:
D:1:      zaba_arrival_water, layout_basic, shapermc_ecumenical_altar_flowoftime
D:2:      layout_loops_ring, serial_shops, nicolae_shop_crystal
D:3:      layout_basic
D:4:      layout_cave_pools, pdpol_temple_overflow_zin_treasury_gozag_greed,
          overflow_temple_1_default, minmay_misc_feat_encased
D:5:      layout_basic, nicolae_shop_clearance, uniq_menkaure
D:6:      layout_rooms, grunt_temple_overflow_growth_and_decay,
          lemuel_doored_altar, minmay_temple_entry_waves
D:7:      layout_rooms, st_stairs_8
D:8:      layout_basic, ashenzari_conservatory_becter, uniq_harold,
          uniq_prince_ribbit1
D:9:      cheibrodos_statue_roulette, layout_basic, minmay_diamond_spiral
Temple:   regret_index_temple_waves

Skill      XL: |  1  2  3  4  5  6  7  8  9 10 |
---------------+-------------------------------+-----
Spellcasting   | 3 4 5 6 7 8 |  8.4
Fighting       | 1 2 3 4 5 7 8 10 | 10.0
Dodging        | |  2.3
Stealth        | |  1.7

Action                   |  1- 3 |  4- 6 |  7- 9 | 10-12 || total
-------------------------+-------+-------+-------+-------++-------
Melee: Whip              |    32 |    24 |       |       ||    56
       Dagger            |       |    32 |    14 |       ||    46
       Long sword        |       |       |       |     7 ||     7
 Cast: Foxfire           |    90 |    95 |   162 |       ||   347
       Sticky Flame      |       |     2 |    15 |     8 ||    25
       Inner Flame       |       |     2 |     8 |     7 ||    17
       Fireball          |       |       |       |    16 ||    16
       Summon Small Mamm |       |       |       |     3 ||     3
       Blink             |       |       |       |     3 ||     3
       Passage of Golubr |       |       |       |     1 ||     1
  Use: Potion            |       |       |     1 |     1 ||     2
 Stab: Sleeping          |     2 |     2 |       |     1 ||     5
Armor: Robe              |    10 |     5 |       |     6 ||    21
       Leather armour    |       |    12 |    18 |       ||    30
       Troll leather arm |       |       |     2 |       ||     2
Dodge: Dodged            |    41 |    72 |    42 |    30 ||   185
       Rpst.: Long sword |       |       |       |     2 ||     2

Table legend: (Time is in decaauts)
 A = Elapsed time spent in this place.
 B = Non-inter-level travel time spent in this place.
 C = Inter-level travel time spent in this place.
 D = Time resting spent in this place.
 E = Time spent auto-exploring this place.
 F = Levels seen in this place.
 G = Mean time per level.
                   A        B        C        D        E       F      G
               +--------+--------+--------+--------+--------+-----+--------+
         Total |  11271 |  11033 |    238 |    563 |   9185 |  10 | 1127.1 |
       Dungeon |  11140 |  10952 |    188 |    563 |   9116 |   9 | 1237.8 |
        Temple |    131 |     81 |     50 |      0 |     69 |   1 |  131.0 |
               +--------+--------+--------+--------+--------+-----+--------+

Top non-repeatable levels by time:
     D:1: 2291 daAuts
     D:8: 1697 daAuts
     D:4: 1446 daAuts
     D:2: 1424 daAuts
     D:3: 1371 daAuts
     D:5: 1332 daAuts
     D:6: 902 daAuts
     D:7: 653 daAuts
  Temple: 131 daAuts
     D:9: 20 daAuts
